 Dungeon Crawl Stone Soup version 0.29.1-12-g30fa7ad0bf (webtiles) character file.

Game seed: 4978331141423960460

4 warriortoast the Conjurer (level 1, -1/14 HPs)
             Began as a Draconian Conjurer on Dec 12, 2022.
             Slain by a frilled lizard (2 damage)
             ... on level 1 of the Dungeon.
             The game lasted 00:01:22 (112 turns).

warriortoast the Conjurer (Draconian Conjurer)       Turns: 112, Time: 00:01:23

Health: -1/14      AC:  4    Str:  9    XL:     1   Next: 50%
Magic:  0/3        EV: 12    Int: 18    God:
Gold:   0          SH:  0    Dex:  9    Spells: 3/4 levels left

rFire   . . .      SeeInvis .   b - +0 short sword
rCold   . . .      Faith    .   (no shield)
rNeg    . . .      Spirit   .   (body armour unavailable)
rPois   .          Reflect  .   (helmet restricted)
rElec   .          Harm     .   (no cloak)
rCorr   .          Rampage  .   (no gloves)
Will    .....                   (no boots)
Stlth   ++........              (no amulet)
HPRegen 0.04/turn               (no ring)
MPRegen 0.08/turn               (no ring)

@: no status effects
A: AC +4, unfitting armour, cold-blooded
a: no special abilities


You were on level 1 of the Dungeon.
You visited 1 branch of the dungeon, and saw 1 of its levels.

Inventory:

Hand Weapons
 b - a +0 short sword (weapon)
Potions
 a - a potion of magic


   Skills:
 + Level 1.8 Dodging
 + Level 1.9 Stealth
 + Level 2.0 Spellcasting
 + Level 4.0 Conjurations


You had 3 spell levels left.
You knew the following spells:

 Your Spells              Type           Power      Damage    Failure   Level
a - Magic Dart            Conj           64%        1d6       3%          1

Your spell library contained the following spells:

 Spells                   Type           Power      Damage    Failure   Level
 Searing Ray              Conj           32%        2d5       5%          2
 Dazzling Flash           Conj/Hex       18%        N/A       24%         3
 Fulminant Prism          Conj/Hex       4%         3d6       61%         4
 Iskenderun's Mystic Bla  Conj/Tloc      9%         2d4       61%         4


Dungeon Overview and Level Annotations

Branches:
Dungeon (1/15)

Altars:


Innate Abilities, Weirdness & Mutations

Your plain brown scales are hard. (AC +4)
You cannot fit into any form of body armour.
You are cold-blooded and may be slowed by cold attacks.


Message History

You see here 10 gold pieces.
The giant cockroach attacks as you move away!
The giant cockroach bites you.
* * * LOW HITPOINT WARNING * * *
The giant cockroach closely misses you.
Found a scroll labelled SAFYDGH JOMUCRA.
The giant cockroach attacks as you move away!
The giant cockroach barely misses you.
There is a stone staircase leading down here.
Aiming: Magic Dart (safe; 3% risk of failure)
Press: ? - help, Q - select action Shift-Dir - straight line, f - giant cockroach
Aim: a giant cockroach (100% to hit)
The magic dart hits the giant cockroach.
The giant cockroach is moderately wounded.
The giant cockroach barely misses you.
A frilled lizard comes into view.
The giant cockroach bites you but does no damage.
A kobold comes into view. It is wielding a +0 short sword.
You see here a +0 short sword.
b - a +0 short sword The giant cockroach bites you but does no damage.
b - a +0 short sword (weapon)
The giant cockroach barely misses you.
You barely miss the giant cockroach.
The giant cockroach is moderately wounded.
The kobold shouts!
The frilled lizard barely misses you.
The giant cockroach completely misses you.
You hit the giant cockroach.
The giant cockroach is heavily wounded.
The frilled lizard barely misses you. The giant cockroach barely misses you.
You hit the giant cockroach.
The giant cockroach is severely wounded.
The giant cockroach misses you. The frilled lizard bites you.
* * * LOW HITPOINT WARNING * * *
The giant cockroach closely misses you.
You hit the giant cockroach.
You kill the giant cockroach!
The frilled lizard bites you.
You die...

#..... #.....
#.....## +..K...#
.S.....#....?.#
.......#......#
.............#
..........l@#
#....#####.# #
####....#####.####.#
.............>.....#.
#....#####........
+## ####'# #.#######
#..###..## #.#
#...8...# #$#
##.....## #.#


You could see a kobold and a frilled lizard.

Vanquished Creatures
  A bat (D:1)
  An endoplasm (D:1)
  A giant cockroach (D:1)
  A quokka (D:1)
4 creatures vanquished.

Notes
Turn   | Place    | Note
-------+----------+-------------------------------------------
     0 | D:1      | warriortoast the Draconian Conjurer began the quest for the
                  | Orb.
     0 | D:1      | Reached XP level 1. HP: 14/14 MP: 3/3
     3 | D:1      | Found a faded altar of an unknown god.
   112 | D:1      | Slain by a frilled lizard

Illustrated notes

Levels and vault maps discovered:
D:1:      minmay_arrival_stone_box, layout_basic,
          hellmonk_ecumenical_altar_slurped_away, minivault_14

Action                   || total
-------------------------++-------
Melee: Short sword       ||     4
       Unarmed           ||     4
       Tailslap          ||     1
 Cast: Magic Dart        ||    10
Armor: Skin              ||     9
Dodge: Dodged            ||    39
